 Dungeon Crawl Stone Soup version 0.20.1-1-g8b1a95d (webtiles) character file.

115721 empire the Fencer (level 16, 0/223 HPs)
             Began as a Minotaur Fighter on Aug 8, 2017.
             Was a High Priest of Nemelex Xobeh.
             Slain by an infernal demonspawn
             ... wielding a +0 glaive
              (4 damage)
             ... on level 2 of the Orcish Mines on Aug 10, 2017.
             The game lasted 01:35:43 (29165 turns).

empire the Fencer (Minotaur Fighter)               Turns: 29165, Time: 01:35:44

Health: 0/223      AC:  4    Str: 33    XL:     16   Next: 19%
Magic:  19/19      EV:  2    Int:  5    God:    Nemelex Xobeh [*****.]
Gold:   613        SH: 21    Dex: 24    Spells: 15/15 levels left

rFire    + + .     SeeInvis .   b - +7 double sword (holy)
rCold    + . .     Gourm    .   c - +5 shield
rNeg     + + +     Faith    .   (armour currently unavailable)
rPois    +         Spirit   .   (helmet currently unavailable)
rElec    +         Reflect  +   (cloak currently unavailable)
rCorr    +         Harm     .   (gloves currently unavailable)
MR       +....     NoTele   +   (boots currently unavailable)
Stlth    ++++......             r - +2 amulet of reflection
Regen    0.5/turn               W - ring of the Ninety-Nine Deaths {rF+ Dex+4 Stlth+}
MPRegen  0.2/turn               J - +5 ring of strength

@: mighty, agile, tree-form, resistant, corroded, hasted, drained, very quick
A: (retaliatory headbutt), low mp 1, mutation resistance 1
a: Triple Draw, Deal Four, Stack Five, Renounce Religion


You were on level 2 of the Orcish Mines.
You worshipped Nemelex Xobeh.
Nemelex Xobeh was extremely pleased with you.
You were hungry.
You were a tree.
You visited 6 branches of the dungeon, and saw 26 of its levels.
You also visited: Sewer and Ice Cave.

You collected 2693 gold pieces.
You spent 2080 gold pieces at shops.

Inventory:

Hand Weapons
 b - a +7 double sword of holy wrath (weapon)
Armour
 c - a +5 shield (worn)
 e - a +2 cloak (melded)
 z - a +1 chain mail (melded)
 D - the +1 pair of boots "Irou" (melded) {Int+4}
   (You found it on level 2 of the Lair of Beasts)

   It affects your intelligence (+4).
 E - a +2 pair of gloves (melded)
Jewellery
 r - a +2 amulet of reflection (around neck)
 B - an uncursed ring of ice
 J - a +5 ring of strength (right branch)
 W - the ring of the Ninety-Nine Deaths (left branch) {rF+ Dex+4 Stlth+}
   (You found it on level 10 of the Dungeon)

   [ring of dexterity]

   It affects your dexterity (+4).
   It protects you from fire.
   It makes you more stealthy.
Wands
 o - a wand of iceblast (14/15)
 x - a wand of digging (19/24)
 y - a wand of lightning (11/15)
 A - a wand of paralysis (8/24)
 H - a wand of digging (8/24)
Scrolls
 h - 10 scrolls of remove curse
 j - 4 scrolls of teleportation
 l - a scroll of summoning
 I - 17 scrolls of identify
 N - a scroll of magic mapping
 O - 4 scrolls of immolation
 S - 3 scrolls of fog
 U - a scroll of acquirement
 V - 2 scrolls of enchant armour
Potions
 a - a potion of cancellation
 g - 2 potions of berserk rage
 v - 2 potions of lignification
 K - 3 potions of curing
Miscellaneous
 d - a plain deck of escape
 m - a legendary deck of escape
 q - an ornate deck of escape
 s - a lightning rod (1/4)
 u - a phial of floods
 w - an ornate deck of escape
 C - a plain deck of escape
 L - a plain deck of summoning {drawn: 4}
 M - a crystal ball of energy
 X - an ornate deck of summoning
Comestibles
 f - 10 bread rations
 k - 35 royal jellies
 n - 9 meat rations
 p - 29 fruits


   Skills:
 - Level 15.2(14.2) Fighting
 - Level 16.7(15.7) Long Blades
 + Level 16.2(15.2) Armour
 - Level 9.8(8.9) Dodging
 - Level 9.2(8.3) Shields
 - Level 9.6(8.7) Invocations
 - Level 9.0(8.2) Evocations


You had 15 spell levels left.
You didn't know any spells.

Dungeon Overview and Level Annotations

Branches:
Dungeon (15/15)            Temple (1/1) D:6            Lair (6/6) D:8
  Swamp (1/4) Lair:4        Snake (0/4) Lair:2        Slime (0/5) Lair:5
    Orc (2/2) D:10            Elf (0/3) Orc:2        Vaults (0/5) D:14
 Depths (1/5) D:15

Altars:
Ashenzari
Cheibriados
Dithmenos
Elyvilon
Fedhas
Gozag
Hepliaklqana
Kikubaaqudgha
Makhleb
Nemelex Xobeh
Okawaru
Qazlal
Ru
Sif Muna
Trog
Uskayaw
Vehumet
Xom
Yredelemnul
Zin
The Shining One
Beogh
Jiyva

Shops:
D:4 [   D:11 [   D:12 ?*   D:15 }   Orc:1 ![   Orc:2 [??


Innate Abilities, Weirdness & Mutations

((You reflexively headbutt those who attack you in melee.))
((You have a pair of horns on your head.))
((You are partially covered in icy blue scales. (AC +2)))
Your magical capacity is low. (-10% MP)
You are somewhat resistant to further mutation.


Message History

Aiming: Thunderbolt
Press: ? - help, Shift-Dir - straight line, f/p - soul eater
Aim: a soul eater (lightly wounded, summoned)
The thunderbolt hits the orc high priest.
The orc high priest is severely wounded.
The thunderbolt hits the soul eater.
The soul eater is moderately wounded.
The thunderbolt hits the orc sorcerer.
You kill the orc sorcerer!
The smoke demon disappears in a puff of smoke!
The soul eater disappears in a puff of smoke!
You hear a shout!
The orc high priest no longer looks unusually strong.
Your yaktaur closely misses the orc knight.
Your yaktaur hits the rust devil.
The infernal demonspawn hits you from afar with a glaive!
* * * LOW HITPOINT WARNING * * *
You are engulfed in flames.
You resist.
You die...
Your body glows with a rainbow of weird colours and disappears.

...[<###
#...))###..#.#...#. #.#[##
###..)............. #####
##...)............ #
####.............. ##
###............. .##
##............. ..# ###
#............. .## ##c##
#............. ##
##§4♣###............. #
##.(oo3###............ ###
##.#c6§#6###...........
..##
#....))).)####.........
...#
#...#.#)#)(.####........
#.###
#...##...##.))###........
....#
#...##..#..##.))###.......
#...#
...##..###o.##.))###......
..)## #.##..#
#..##)#.###.)...


You could see an orc knight, a soul eater, 2 orc high priests, an infernal
demonspawn, a torturous demonspawn, a rust devil, 2 friendly yaktaurs and a
friendly hand axe "Deck" {flame, rPois rF- rC+ Dex+2}.

Vanquished Creatures
  A stone giant (D:15)
  A blizzard demon (IceCv)
  2 ettins
  2 fire dragons (Lair:6)
  Fannar (Orc:1)
  12 hydras
  An ice dragon (Lair:4)
  Erica (Lair:1)
  A centaur warrior (D:14)
  4 death yaks
  4 ogre magi
  An anaconda (Lair:4)
  11 two-headed ogres
  2 tengu warriors (D:15)
  4 orc high priests (Orc:2)
  A sun demon (Orc:2)
  Urug (D:11)
  Sonja (D:13)
  4 slime creatures
  2 unseen horrors
  8 skeletal warriors
  A torturous demonspawn (Orc:2)
  A wizard (D:15)
  2 lindwurms (Lair:6)
  4 orc knights
  A necromancer (D:15)
  4 deep elf magi
  2 oklob plants
  4 ugly things
  5 orc sorcerers
  The ghost of Frank the Cutter, a novice OpMo of Gozag (D:6)
  3 cyclopes
  3 manticores
  2 centaur zombies (D:15)
  A naga mage (D:15)
  5 elephants (Lair:4)
  5 spiny frogs
  The ghost of Enish the Twirler, a novice BaSk of Ru (D:7)
  3 molten gargoyles (Lair:6)
  4 black mambas
  A torpor snail (Lair:3)
  2 ice statues (IceCv)
  14 rime drakes (Lair:6)
  A gargoyle (D:11)
  A kobold demonologist (D:15)
  4 centaur skeletons
  2 freezing wraiths (D:11)
  9 komodo dragons
  A hellwing (Orc:2)
  12 ice devils (IceCv)
  A tengu conjurer (D:11)
  3 trolls
  A polar bear (Lair:4)
  A queen bee (Lair:1)
  A wolf spider simulacrum (D:14)
  4 meliai
  2 hornets
  A meliai zombie (D:15)
  6 dream sheep
  35 blink frogs
  9 hippogriffs
  A shadow (D:11)
  4 wyverns
  A centaur simulacrum (D:15)
  A spriggan (Swamp:1)
  2 wraiths (D:11)
  5 basilisks
  29 yaks
  Eustachio (D:6)
  7 steam dragons
  A chaos spawn (Orc:2)
  2 hungry ghosts
  4 vampire mosquitoes
  14 two-headed ogre zombies (D:12)
  4 wargs (D:13)
  4 hell hounds (Lair:6)
  11 water moccasins
  6 swamp worms
  9 porcupines
  39 orc warriors
  2 black bears
  3 sky beasts
  A swamp drake (Lair:4)
  An eye of draining (shapeshifter) (D:12)
  An eye of draining (D:14)
  A necrophage (D:5)
  4 wolves (Lair:4)
  4 centaurs
  16 ogres
  8 crocodiles
  Blork the orc (D:6)
  2 big kobolds
  17 bullfrogs
  A gnoll sergeant (D:9)
  A wyvern skeleton (D:7)
  4 scorpions
  A water moccasin skeleton (D:4)
  4 wights (D:12)
  33 killer bees
  3 howler monkeys
  4 electric eels
  8 crimson imps
  7 lava snakes
  3 bullfrog zombies
  7 hounds
  A quasit (D:15)
  Crazy Yiuf (D:3)
  27 orc priests
  2 iguanas
  5 jellies
  Jessica (D:2)
  Ijyb (D:4)
  27 orc wizards
  7 worker ants
  An ogre zombie (D:12)
  A hound skeleton (D:7)
  2 worker ant zombies (D:5)
  9 gnolls
  15 adders
  2 river rats (Sewer)
  A shadow imp (D:4)
  4 white imps (IceCv)
  5 ufetubi (IceCv)
  5 oozes (D:10)
  An adder zombie (D:7)
  7 worms
  A dart slug (D:2)
  4 leopard geckos
  98 orcs
  5 bats
  2 giant cockroaches
  21 goblins
  6 hobgoblins
  11 jackals
  5 quokkas
  2 ball pythons
  4 frilled lizards
  15 kobolds
  2 leopard gecko skeletons
  15 rats
  4 bushes (Lair:2)
  6 fungi
  18 plants
854 creatures vanquished.

Vanquished Creatures (collateral kills)
  3 hydras
  A wizard (D:15)
  An orc knight (Orc:2)
  An orc sorcerer (Orc:2)
  3 elephants (Lair:4)
  A smoke demon (Orc:2)
  A spiny frog (Lair:4)
  A rime drake (Lair:6)
  A polar bear (Lair:6)
  2 blink frogs (Lair:6)
  4 dream sheep (Lair:4)
  A shadow (Swamp:1)
  4 yaks (Lair:6)
  A basilisk (D:12)
  A porcupine (Lair:4)
  4 orc warriors (Orc:2)
  A crocodile (Lair:6)
  A bullfrog (Lair:3)
  4 orc priests (Orc:2)
  A worker ant (D:14)
  5 orcs (Orc:2)
42 creatures vanquished.

Vanquished Creatures (others)
  2 ice devils (IceCv)
  A dream sheep (Lair:4)
  A centaur (D:10)
  8 killer bees (Lair:1)
  An orc wizard (D:14)
  5 white imps (IceCv)
  3 ufetubi (IceCv)
  A ball lightning (D:15)
  3 kobolds
  A rat (D:15)
  A bush (Lair:6)
  16 fungi
  12 plants (Lair:6)
  10 toadstools (Lair:2)
65 creatures vanquished.

Grand Total: 961 creatures vanquished

Notes
Turn   | Place    | Note
-------+----------+-------------------------------------------
     0 | D:1      | empire the Minotaur Fighter began the quest for the Orb.
     0 | D:1      | Reached XP level 1. HP: 19/19 MP: 0/0
    33 | D:1      | You fall through a shaft!
    71 | D:2      | Reached XP level 2. HP: 10/27 MP: 1/1
   580 | D:1      | Reached XP level 3. HP: 31/33 MP: 2/2
   770 | D:1      | Reached skill level 1 in Dodging
  1239 | D:2      | Noticed Jessica
  1243 | D:2      | Killed Jessica
  1243 | D:2      | Reached XP level 4. HP: 31/40 MP: 3/3
  1828 | D:3      | Gained mutation: You are partially covered in icy blue scales. (AC +2) [potion of mutation]
  1828 | D:3      | Gained mutation: Your magical capacity is low. (-10% MP) [potion of mutation]
  1828 | D:3      | Gained mutation: You are somewhat resistant to further mutation. [potion of mutation]
  1833 | D:3      | HP: 1/41 [orc priest/divine providence (12)]
  1834 | D:3      | Reached XP level 5. HP: 2/47 MP: 3/3
  2486 | D:3      | Found a runed door.
  2490 | D:3      | Noticed Crazy Yiuf
  2494 | D:3      | Killed Crazy Yiuf
  2613 | D:3      | Reached skill level 5 in Fighting
  2619 | D:3      | Reached XP level 6. HP: 46/56 MP: 4/4
  2659 | D:3      | Reached skill level 5 in Armour
  2949 | D:4      | Got a spiked leather armour
  2960 | D:4      | Identified the +3 leather armour of the Harp {-Tele rElec rF- Int+8} (You found it on level 4 of the Dungeon)
  3118 | D:4      | Reached skill level 5 in Shields
  3166 | D:4      | Noticed Ijyb
  3174 | D:4      | Killed Ijyb
  3286 | D:4      | Reached XP level 7. HP: 47/61 MP: 5/5
  3464 | D:4      | Found Haisu's Armour Boutique.
  4074 | D:5      | Entered Level 5 of the Dungeon
  4143 | D:5      | Reached skill level 5 in Long Blades
  4266 | D:5      | Found a glowing drain.
  4279 | Sewer    | Entered a sewer
  4403 | Sewer    | Found a white marble altar of Elyvilon.
  4939 | D:5      | Reached XP level 8. HP: 70/70 MP: 6/6
  4984 | D:6      | Noticed Eustachio
  5015 | D:6      | Killed Eustachio
  5287 | D:6      | Noticed Blork the orc
  5314 | D:6      | Killed Blork the orc
  5594 | D:6      | Noticed Frank's ghost (novice OpMo)
  5610 | D:6      | Killed Frank's ghost
  5610 | D:6      | Reached skill level 5 in Dodging
  5625 | D:6      | Found a staircase to the Ecumenical Temple.
  5659 | Temple   | Entered the Ecumenical Temple
  5984 | D:7      | Noticed a hornet
  5991 | D:7      | Killed a hornet
  5991 | D:7      | Reached XP level 9. HP: 77/79 MP: 7/7
  6117 | D:7      | Noticed Enish's ghost (novice BaSk)
  6149 | D:7      | Killed Enish's ghost
  6529 | D:8      | Found a transporter.
  6553 | D:8      | Found a roughly hewn altar of Beogh.
  6616 | D:8      | Found a transporter.
  6839 | D:8      | Found a staircase to the Lair.
  7059 | D:8      | Found an iron altar of Okawaru.
  7070 | D:8      | Reached XP level 10. HP: 90/90 MP: 8/8
  8482 | D:9      | Found a sparkling altar of Nemelex Xobeh.
  8482 | D:9      | Found an ancient bone altar of Kikubaaqudgha.
  8486 | D:9      | Found a sacrificial altar of Ru.
  8836 | D:9      | Became a worshipper of Nemelex Xobeh the Trickster
  8875 | D:10     | Entered Level 10 of the Dungeon
  8875 | D:10     | Received a gift from Nemelex Xobeh
  9089 | D:10     | Found a staircase to the Orcish Mines.
  9110 | D:10     | Reached skill level 1 in Evocations
  9241 | D:10     | Reached skill level 1 in Invocations
  9262 | D:10     | Found a viscous altar of Jiyva.
  9437 | D:10     | Got a scorched turquoise ring
  9471 | D:10     | Identified the ring of the Ninety-Nine Deaths {rF+ Dex+4 Stlth+} (You found it on level 10 of the Dungeon)
  9782 | D:10     | Reached * piety under Nemelex Xobeh
  9882 | D:11     | Received a gift from Nemelex Xobeh
  9932 | D:11     | Noticed a cyclops
  9938 | D:11     | Killed a cyclops
  9982 | D:11     | Noticed a manticore
  9996 | D:11     | Killed a manticore
 10216 | D:11     | Noticed a two-headed ogre
 10225 | D:11     | Killed a two-headed ogre
 10225 | D:11     | Reached XP level 11. HP: 83/97 MP: 11/11
 10226 | D:11     | Found Yphehori's Antique Armour Boutique.
 10313 | D:11     | Received a gift from Nemelex Xobeh
 10698 | D:11     | Noticed Urug
 10698 | D:11     | Noticed a cyan ugly thing
 10736 | D:11     | Killed a cyan ugly thing
 10750 | D:11     | Killed Urug
 11004 | D:11     | Found a runed door.
 11006 | D:11     | Found a runed door.
 11021 | D:11     | Noticed a two-headed ogre
 11032 | D:11     | Noticed a green ugly thing
 11208 | D:11     | Noticed a deep elf mage
 11215 | D:11     | Killed a deep elf mage
 11224 | D:11     | Killed a green ugly thing
 11231 | D:11     | Reached skill level 5 in Invocations
 11240 | D:11     | Reached skill level 5 in Evocations
 11386 | D:11     | Killed a two-headed ogre
 11396 | D:11     | Found a runed door.
 11708 | D:11     | Identified 2 scrolls of acquirement
 11714 | D:11     | Got a bound granite ring
 11716 | D:11     | Identified the ring of Acexedd {rCorr rElec rC+ Int-3} (You took it off an orc on level 11 of the Dungeon)
 12165 | D:11     | Reached ** piety under Nemelex Xobeh
 12443 | D:12     | Received a gift from Nemelex Xobeh
 12447 | D:12     | Noticed Erolcha
 12450 | D:12     | Noticed a green ugly thing
 12454 | D:12     | Noticed Erolcha
 12454 | D:12     | Erolcha changed into Erolcha the basilisk
 12456 | D:12     | Killed Erolcha the basilisk
 12459 | D:12     | Killed a green ugly thing
 12593 | D:12     | Found a white marble altar of Elyvilon.
 12699 | D:12     | Found Tububeibu's Magic Scroll Emporium.
 12707 | D:12     | Bought a scroll of enchant weapon for 112 gold pieces
 12707 | D:12     | Bought a scroll of enchant armour for 112 gold pieces
 12707 | D:12     | Bought a scroll of enchant weapon for 112 gold pieces
 12707 | D:12     | Bought a scroll of enchant armour for 112 gold pieces
 12707 | D:12     | Bought a scroll of identify for 30 gold pieces
 12707 | D:12     | Bought a scroll of identify for 30 gold pieces
 12707 | D:12     | Bought a scroll of remove curse for 45 gold pieces
 12707 | D:12     | Bought a scroll of fog for 30 gold pieces
 12934 | D:12     | Reached XP level 12. HP: 91/104 MP: 14/14
 12982 | D:12     | Noticed an ogre mage
 13007 | D:12     | Killed an ogre mage
 13032 | D:12     | Got a smoking shortbow
 13184 | D:12     | Found Feppibro's General Store.
 13187 | D:12     | Bought a potion of might for 52 gold pieces
 13187 | D:12     | Bought a scroll of remove curse for 39 gold pieces
 13263 | D:12     | Identified the +10 shortbow of Tedghise {flame, *Drain Str+6 Dex+3} (You found it on level 12 of the Dungeon)
 13419 | D:13     | Received a gift from Nemelex Xobeh
 13546 | D:13     | Got a transparent leather armour
 13556 | D:13     | Reached *** piety under Nemelex Xobeh
 13586 | D:13     | Noticed Sonja
 13594 | D:13     | Killed Sonja
 13842 | D:14     | Noticed a five-headed hydra
 13848 | D:14     | Killed a six-headed hydra
 13898 | D:14     | Noticed a two-headed ogre
 13899 | D:14     | Found a gate to the Vaults.
 13899 | D:14     | Noticed a two-headed ogre
 13900 | D:14     | Noticed an ogre mage
 13910 | D:14     | Killed a two-headed ogre
 13914 | D:14     | Killed a two-headed ogre
 13924 | D:14     | Killed an ogre mage
 13932 | D:14     | Reached skill level 10 in Long Blades
 14354 | D:14     | Noticed a centaur warrior
 14361 | D:14     | Killed a centaur warrior
 14382 | D:14     | Received a gift from Nemelex Xobeh
 14507 | D:14     | Reached XP level 13. HP: 56/111 MP: 17/17
 15196 | D:15     | Entered Level 15 of the Dungeon
 15471 | Temple   | Identified the +1 leather armour "Xappatoxi" {*Corrode rPois rF+ MR+} (You found it on level 13 of the Dungeon)
 15540 | Lair:1   | Entered Level 1 of the Lair of Beasts
 15569 | Lair:1   | Noticed Erica
 15573 | Lair:1   | Found a sacrificial altar of Ru.
 15590 | Lair:1   | Killed Erica
 15768 | Lair:1   | Received a gift from Nemelex Xobeh
 16492 | Lair:2   | Reached **** piety under Nemelex Xobeh
 16500 | Lair:2   | Found a blossoming altar of Fedhas.
 16577 | Lair:2   | Received a gift from Nemelex Xobeh
 16699 | Lair:2   | Got a pair of jewelled boots
 16819 | Lair:2   | Found a staircase to the Snake Pit.
 16825 | Lair:2   | Found a blossoming altar of Fedhas.
 16861 | Lair:2   | Received a gift from Nemelex Xobeh
 17514 | Lair:3   | Noticed an ettin
 17514 | Lair:3   | a seven-headed hydra changed into an ettin
 17519 | Lair:3   | Killed an ettin
 17529 | Lair:3   | Identified the +1 pair of boots "Irou" {Int+4} (You found it on level 2 of the Lair of Beasts)
 17583 | Lair:3   | Reached skill level 15 in Long Blades
 17689 | Lair:3   | Reached ***** piety under Nemelex Xobeh
 17828 | Lair:3   | Received a gift from Nemelex Xobeh
 18236 | Lair:4   | Received a gift from Nemelex Xobeh
 18240 | Lair:4   | Got an ancient leather armour
 18663 | Lair:4   | Found a staircase to the Swamp.
 18675 | Lair:4   | Reached XP level 14. HP: 118/118 MP: 9/18
 19077 | Lair:4   | Received a gift from Nemelex Xobeh
 19408 | Lair:4   | Received a gift from Nemelex Xobeh
 19740 | Swamp:1  | Entered Level 1 of the Swamp
 19794 | Swamp:1  | Found a frozen archway.
 19805 | IceCv    | Entered an ice cave
 20131 | IceCv    | Reached skill level 10 in Fighting
 20879 | IceCv    | Got a steaming demon trident
 20892 | IceCv    | Got a faintly humming ring mail
 22071 | D:15     | Got a glittering platinum ring
 22643 | D:15     | Received a gift from Nemelex Xobeh
 22661 | D:15     | Paralysed by an orc sorcerer for 7 turns
 22675 | D:15     | Reached XP level 15. HP: 98/139 MP: 19/19
 22702 | D:15     | Reached skill level 15 in Fighting
 22727 | D:15     | Found a staircase to the Depths.
 22746 | Depths:1 | Entered Level 1 of the Depths
 22980 | D:15     | Found an iron altar of Okawaru.
 23280 | D:15     | Received a gift from Nemelex Xobeh
 23385 | D:15     | Found Dieczeun's Gadget Shoppe.
 23655 | Temple   | Identified the ring of the Zebra {rElec rC+ rN+ MP+9 Stlth+} (You found it on level 15 of the Dungeon)
 23812 | Lair:5   | Found a viscous altar of Jiyva.
 23812 | Lair:5   | Found a staircase to the Slime Pits.
 23910 | Lair:5   | Received a gift from Nemelex Xobeh
 23978 | Lair:5   | Reached skill level 10 in Armour
 24202 | Lair:5   | Received a gift from Nemelex Xobeh
 24482 | Lair:5   | Received a gift from Nemelex Xobeh
 24601 | Lair:6   | Entered Level 6 of the Lair of Beasts
 24937 | Lair:6   | Found a large runed door.
 24937 | Lair:6   | Found a large runed door.
 26094 | Lair:6   | Got a spiked ring mail
 26786 | Lair:6   | Received a gift from Nemelex Xobeh
 27318 | Orc:1    | Entered Level 1 of the Orcish Mines
 27320 | Orc:1    | Found Veikluzei's Antique Armour Shop.
 27326 | Orc:1    | Noticed Fannar
 27343 | Orc:1    | Found a burning altar of Makhleb.
 27354 | Orc:1    | Killed Fannar
 27354 | Orc:1    | Reached skill level 15 in Armour
 27584 | Orc:2    | Entered Level 2 of the Orcish Mines
 27723 | Orc:2    | Received a gift from Nemelex Xobeh
 27768 | Orc:2    | Found Deanaesui's Antique Armour Shoppe.
 27822 | Orc:1    | Found Zahuf's Distillery.
 27879 | Orc:1    | Bought a potion of curing for 48 gold pieces
 27879 | Orc:1    | Bought a potion of haste for 160 gold pieces
 27879 | Orc:1    | Bought a potion of curing for 48 gold pieces
 27879 | Orc:1    | Bought a potion of ambrosia for 128 gold pieces
 28027 | Orc:2    | Reached XP level 16. HP: 132/149 MP: 19/19
 28043 | Orc:2    | Found Efik's Magic Scroll Shoppe.
 28045 | Orc:2    | Found Juigeupn's Magic Scroll Emporium.
 28510 | Orc:2    | Bought a scroll of acquirement for 520 gold pieces
 28510 | Orc:2    | Bought a scroll of enchant armour for 75 gold pieces
 28510 | Orc:2    | Bought a scroll of enchant armour for 75 gold pieces
 28510 | Orc:2    | Bought a scroll of identify for 20 gold pieces
 28510 | Orc:2    | Bought a scroll of identify for 20 gold pieces
 28512 | Orc:2    | Bought a scroll of identify for 32 gold pieces
 28512 | Orc:2    | Bought a scroll of identify for 32 gold pieces
 28512 | Orc:2    | Bought a scroll of identify for 32 gold pieces
 28512 | Orc:2    | Bought a scroll of identify for 32 gold pieces
 28512 | Orc:2    | Bought a scroll of identify for 32 gold pieces
 28512 | Orc:2    | Bought a scroll of recharging for 152 gold pieces
 28534 | Orc:2    | Found a staircase to the Elven Halls.
 28586 | Orc:2    | Received a gift from Nemelex Xobeh
 28683 | Orc:2    | Found a roughly hewn altar of Beogh.
 28895 | Orc:2    | Found a roughly hewn altar of Beogh.
 29159 | Orc:2    | HP: 6/223 [soul eater[an orc high priest] (14)]
 29165 | Orc:2    | HP: 4/223 [infernal demonspawn/glaive (16)]
 29165 | Orc:2    | Slain by an infernal demonspawn

Skill      XL: |  1  2  3  4  5  6  7  8  9 10 11 12 13 14 15 16 |
---------------+-------------------------------------------------+-----
Armour         | 4 5 6 7 8 9 15 16 | 16.2
Dodging        | 1 2 3 4 5 6 8 9 |  9.8
Shields        | 4 5 6 7 8 9 |  9.2
Fighting       | 4 5 6 7 8 9 14 15 | 15.2
Long Blades    | 3 4 5 6 8 9 11 16 | 16.7
Evocations     | 3 6 9 |  9.0
Invocations    | 3 7 9 |  9.6

Action                   |  1- 3 |  4- 6 |  7- 9 | 10-12 | 13-15 | 16-18 || total
-------------------------+-------+-------+-------+-------+-------+-------++-------
Melee: Long sword        |   100 |   167 |   390 |   369 |       |       ||  1026
       Headbutt          |    10 |    34 |    83 |   201 |   341 |    43 ||   712
       Double sword      |       |       |       |   312 |   968 |   134 ||  1414
       Unarmed           |       |       |       |       |     1 |       ||     1
Invok: Deal Four         |       |       |       |       |     6 |       ||     6
Evoke: Wand              |       |       |       |     1 |    54 |       ||    55
       Deck              |       |       |       |    17 |    58 |    12 ||    87
       Lightning rod     |       |       |       |       |     9 |     2 ||    11
       Box of beasts     |       |       |       |       |     6 |       ||     6
       Phantom mirror    |       |       |       |       |     1 |       ||     1
  Use: Potion            |       |     5 |     3 |    10 |     3 |    13 ||    34
       Scroll            |       |       |    15 |    27 |    29 |     1 ||    72
 Stab: Distracted        |       |       |       |       |     6 |     1 ||     7
       Petrifying        |       |       |       |       |       |     2 ||     2
       Petrified         |       |       |       |       |       |     1 ||     1
       Paralysed         |       |       |       |       |       |     1 ||     1
  Eat: Chunk             |     1 |     7 |    14 |    24 |    37 |     4 ||    87
       Fruit             |       |       |     2 |     1 |     1 |       ||     4
       Meat ration       |       |       |       |       |     1 |       ||     1
Armor: Scale mail        |    44 |    81 |    62 |       |       |       ||   187
       Chain mail        |       |       |    89 |   272 |   296 |    29 ||   686
       Skin              |       |       |       |     3 |       |    14 ||    17
Dodge: Dodged            |    36 |    76 |    97 |   252 |   305 |    33 ||   799
Block: Shield            |    59 |   127 |   243 |   552 |   790 |   138 ||  1909
       Reflection        |       |     4 |     9 |    20 |    16 |     5 ||    54
       Rpst.: Long sword |    11 |    15 |    16 |    32 |       |       ||    74
       Double sword      |       |       |       |    36 |    57 |     2 ||    95
